 Dungeon Crawl Stone Soup version 0.31-a0-844-gdc52ec4e09 (webtiles) character file.

Game seed: 954951428423868075

39 LeprechaunX the Changeling (level 3, -3/23 HPs)
             Began as an Octopode Shapeshifter on Sept 29, 2023.
             Slain by a gnoll
             ... wielding a +0 spear
              (9 damage)
             ... on level 2 of the Dungeon.
             The game lasted 00:00:53 (1345 turns).

LeprechaunX the Changeling (Octopode Shapeshifter)  Turns: 1345, Time: 00:00:54

Health: -3/23      AC:  1    Str: 15    XL:     3   Next: 47%
Magic:  3/3        EV: 13    Int: 12    God:
Gold:   107        SH:  0    Dex: 11    Spells: 2/2 levels left

rFire   . .          .
                       - Unarmed
rCold   . . .        (no shield)
rNeg    . . .        (helmet currently unavailable)
rPois   .            (no amulet)
rElec   .            (no ring)
rCorr   .            (no ring)
SInv    .            (no ring)
Will    .....        (no ring)
Stlth   ++           (no ring)
HPRegen 0.23/turn    (no ring)
MPRegen 0.08/turn    (no ring)
                     (no ring)

%: no passive effects
@: beast-form
A: beast (slay +2), almost no armour, amphibious, 8 rings, camouflage 1,
gelatinous body 1, (nimble swimmer 1), tentacles
a: Begin Untransformation


You were on level 2 of the Dungeon.
You were a hulking beast.
You visited 1 branch of the dungeon, and saw 2 of its levels.

You collected 107 gold pieces.

Inventory:

Jewellery
 i - a ring of fire
Talismans
 b - a beast talisman (active)
 c - a flux talisman
Scrolls
 e - 2 scrolls of fear {unknown}
 h - a scroll of identify {unknown}
 j - a scroll of enchant armour {unknown}
 n - a scroll of immolation {unknown}
 o - 2 scrolls of enchant weapon {unknown}
Potions
 a - 2 potions of lignification
 d - a potion of enlightenment {unknown}
 f - 3 potions of heal wounds {unknown}
 g - 3 potions of curing {unknown}
 k - 2 potions of attraction {unknown}
 l - a potion of ambrosia {unknown}
 m - a potion of might {unknown}


   Skills:
 + Level 1.6 Fighting
 + Level 2.4 Dodging
 + Level 3.3 Unarmed Combat
 * Level 3.5 Shapeshifting


You had 2 spell levels left.
You didn't know any spells.
Your spell library was empty.

Dungeon Overview and Level Annotations

Branches:
Dungeon (2/15)

Altars:


Innate Abilities, Weirdness & Mutations

You are a hulking beast.
Your limbs bulge with bestial killing power. (Slay +2)
You cannot wear most types of armour.
You are amphibious.
You can wear up to eight rings at the same time.
Your skin changes colour to match your surroundings (Stealth+).
Your rubbery body absorbs attacks. (AC +1, EV +1)
((You are camouflaged when in or above water. (Stealth+)))
You have tentacles for arms and can constrict up to eight enemies at once.


Message History

Found 8 stones.
There is a stone staircase leading up here.
Found a stone staircase leading down.
Found a stone staircase leading up.
You now have 92 gold pieces (gained 18).
A giant cockroach comes into view.
You completely miss the giant cockroach.
Your grab misses the giant cockroach. The giant cockroach bites you.
You tentacle-slap the giant cockroach. You grab the giant cockroach.
You squeeze the giant cockroach.
You kill the giant cockroach!
No target in view!
No target in view!
No target in view!
No target in view!
No target in view!
No target in view!
No target in view!
You now have 107 gold pieces (gained 15).
Found a robe.
o - a scroll labelled WESEPLOSEV You see here a +0 robe.
o - 2 scrolls labelled WESEPLOSEV (gained 1)
A gnoll comes into view. It is wielding a +0 flail.
A gnoll is nearby!
A gnoll is nearby!
The gnoll shouts!
You hear a shout! x2
A gnoll comes into view. It is wielding a +0 spear.
The gnoll hits you with a +0 flail.
The gnoll hits you from afar with a +0 spear.
You tentacle-slap the gnoll. Your grab misses the gnoll.
The gnoll is lightly wounded.
The gnoll closely misses you.
The gnoll hits you from afar with a +0 spear.
You tentacle-slap the gnoll. You grab the gnoll. You squeeze the gnoll.
The gnoll is severely wounded.
You constrict the gnoll. The gnoll hits you with a +0 flail!
* * * LOW HITPOINT WARNING * * *
The gnoll hits you from afar with a +0 spear!
You die...

......########...#
#.#.#.#.# #
.................#
# #.#.#.# #
#####.#####..###.#
#.#.#.#
#.#........#.#
#.#.#.#
#.#....#.#.#.#
#.#.#.####
##.#..#.#.#.#.#####
#.#.#.....
#>................#
#.#.######
#..#.##.#.#.#.###.#
#.........
#..#.##.#.#.#h#
###.#.....
#..#........#g#
#.#.####
#..#.....<#.#.g
#.#.#
#..######.######
#.#.# #.......#..
#.#.#
##.####+######
#.#.# #...........#
#.#.# #...........#
#.#.#
#...........##.## #
#.#.#


You could see 2 gnolls.

Vanquished Creatures
  An adder (D:2)
  A worm (D:2)
  2 bats
  3 endoplasms
  A giant cockroach (D:2)
  2 hobgoblins
  2 kobolds (D:1)
  A quokka (D:2)
  2 ball pythons (D:1)
  3 frilled lizards
  5 goblins
  3 rats (D:1)
26 creatures vanquished.

Notes
Turn   | Place    | Note
-------+----------+-------------------------------------------
     0 | D:1      | LeprechaunX the Octopode Shapeshifter began the quest for
                  | the Orb.
     0 | D:1      | Reached XP level 1. HP: 13/13 MP: 1/1
    69 | D:1      | Reached XP level 2. HP: 11/18 MP: 2/2
   141 | D:1      | Found a faded altar of an unknown god.
  1009 | D:2      | Reached XP level 3. HP: 23/23 MP: 3/3
  1345 | D:2      | Slain by a gnoll

Illustrated notes

Levels and vault maps discovered:
D:1:      dpeg_arrival_tiny_a, layout_basic, basic_ecumenical_altar
D:2:      layout_basic

Action                     || total
---------------------------++-------
  Melee: Unarmed           ||    57
         Constrict         ||    17
         Punch             ||     2
         Tentacles         ||     7
   Stab: Sleeping          ||     3
 Armour: Skin              ||    28
  Dodge: Dodged            ||    30

Table legend: (Time is in decaauts)
 A = Elapsed time spent in this place.
 B = Non-inter-level travel time spent in this place.
 C = Inter-level travel time spent in this place.
 D = Time resting spent in this place.
 E = Time spent auto-exploring this place.
 F = Levels seen in this place.
 G = Mean time per level.
                   A        B        C        D        E       F      G
               +--------+--------+--------+--------+--------+-----+--------+
         Total |   1341 |   1298 |     43 |     40 |   1078 |   2 |  670.5 |
       Dungeon |   1341 |   1298 |     43 |     40 |   1078 |   2 |  670.5 |
               +--------+--------+--------+--------+--------+-----+--------+

Top non-repeatable levels by time:
     D:1: 817 daAuts
     D:2: 524 daAuts
